[Event "Skanderborg Skakklub SmukSkak EMT"]
[Site "Niels Ebbesenskolen, Skanderborg, Denmark"]
[Date "2020.08.23"]
[Round "4.6"]
[White "Brondt, Nicolai Kvist"]
[Black "Hansen, Lars"]
[Result "0-1"]
[TimeControl "90 min. til 40 træk, derefter 30 min. plus opsparet tid til resten af partiet med 30 sek. tillæg pr. træk fra træk ét."]
[WhiteTitle "FM"]
[WhiteFideId "1413848"]
[BlackFideId "1402528"]
[WhiteElo "2244"]
[BlackElo "2223"]

1. d4 e6 2. c4 b6 3. a3 Bb7 4. Nc3 Nf6 5. d5 Bd6 6. Nf3 O-O 7. g3 exd5 8. cxd5 Na6 9. Bg2 Nc5 10.
b4 Nce4 11. Nxe4 Nxe4 12. Bb2 Re8 13. O-O a5 14. Qb3 axb4 15. axb4 Qe7 16. Rxa8 Bxa8 17. Ba3 Qf6 18. e3 Qc3 19.
Qa2 Bxd5 20. Qxd5 Qxa3 21. b5 Qc5 22. Qd3 Qc3 23. Qd5 Nf6 24. Qf5 Bc5 25. Qf4 Rxe3 26. Kh1 Re8 27. Qxc7 h6 28.
Nh4 Qd3 29. Qf4 Ne4 30. h3 g5 31. Qf5 gxh4 32. Qg4+ Kf8 33. Qxh4 Nxf2+ 34. Kh2 Qg6 35. Bd5 Qg5 36. Qc4 Re3 37.
Rg1 Re7 38. Qc3 Ng4+ 39. hxg4 Bxg1+ 40. Kh3 Qe5 41. Qc1 Be3 42. Qc4 Bf2 43. Qd3 Qe3 0-1

[Event "Skanderborg Skakklub SmukSkak EMT"]
[Site "Niels Ebbesenskolen, Skanderborg, Denmark"]
[Date "2020.08.23"]
[Round "5.1"]
[White "Knudsen, Martin"]
[Black "Olsen, Michael R. W."]
[Result "1/2-1/2"]
[TimeControl "90 min. til 40 træk, derefter 30 min. plus opsparet tid til resten af partiet med 30 sek. tillæg pr. træk fra træk ét."]
[WhiteFideId "1406523"]
[BlackFideId "1440969"]
[WhiteElo "1990"]
[BlackElo "2104"]

1. d4 f5 2. c4 Nf6 3. Nc3 e6 4. Nf3 Be7 5. d5 d6 6. dxe6 Bxe6 7. Nd4 Bd7 8. e3 Nc6 9. Bd3 g6 10.
b3 Ne5 11. Bc2 O-O 12. O-O c6 13. Bb2 Qb6 14. Rb1 Rad8 15. Nf3 Be6 16. Ng5 Bc8 17. Qe2 Nfg4 18. Nf3 Bf6 19. Nd2 Rde8 20.
h3 Nh6 21. Na4 Qc7 22. Qd1 Qf7 23. Ba3 Be7 24. Nf3 Qe6 25. Nb2 Nhf7 26. Nd4 Qf6 27. Ne2 g5 28. f4 Ng6 29. Qd4 Qe6 30.
Qd3 Bd8 31. Nd1 gxf4 32. Nxf4 Nxf4 33. exf4 Bf6 34. Bb4 Qe2 35. Re1 Qxd3 36. Bxd3 Bd4+ 37. Kf1 Rxe1+ 38. Bxe1 Nd8 39. Bf2 Bxf2 40.
Kxf2 Ne6 41. g3 Nc5 42. Bc2 a5 43. Nc3 Rd8 44. Rd1 Kg7 45. a3 Be6 46. Kf3 h5 47. Re1 Kf6 48. Rd1 Rd7 49. Rd2 Bf7 50. Rd1 1/2-1/2

[Event "Skanderborg Skakklub SmukSkak EMT"]
[Site "Niels Ebbesenskolen, Skanderborg, Denmark"]
[Date "2020.08.23"]
[Round "5.2"]
[White "Bønnelykke, Ole"]
[Black "Hansen, Morten Lyck"]
[Result "1-0"]
[TimeControl "90 min. til 40 træk, derefter 30 min. plus opsparet tid til resten af partiet med 30 sek. tillæg pr. træk fra træk ét."]
[WhiteFideId "1407287"]
[BlackFideId "1408437"]
[WhiteElo "2021"]
[BlackElo "1945"]

1. e4 c6 2. d4 d5 3. e5 Bf5 4. Nc3 e6 5. g4 Bg6 6. Nge2 c5 7. Be3 Nc6 8. dxc5 h5 9. Nd4 Nxd4 10.
Qxd4 Ne7 11. Bb5+ Nc6 12. O-O-O hxg4 13. Qxg4 Rh4 14. Qg2 Qa5 15. Nxd5 exd5 16. Qxd5 Qc7 17. e6 Rh5 18. Qg2 Rc8 19.
Rd7 Qe5 20. Rxb7 Qe4 21. exf7+ Kd8 22. Rd1+ 1-0

[Event "Skanderborg Skakklub SmukSkak EMT"]
[Site "Niels Ebbesenskolen, Skanderborg, Denmark"]
[Date "2020.08.23"]
[Round "5.3"]
[White "Wilton, Lars"]
[Black "Pedersen, Lars Foldager"]
[Result "1-0"]
[TimeControl "90 min. til 40 træk, derefter 30 min. plus opsparet tid til resten af partiet med 30 sek. tillæg pr. træk fra træk ét."]
[WhiteFideId "1404962"]
[BlackFideId "1417649"]
[WhiteElo "1984"]
[BlackElo "1959"]

1. g3 Nf6 2. Bg2 d5 3. f4 Nbd7 4. Nf3 e6 5.
d3 c5 6.
Nc3 d4 7. Ne4 Qa5+ 8. Bd2 Qb6 9. Nxf6+ Nxf6 10. Rb1 Be7 11. O-O Bd7 12. Ne5 Bb5 13. c4 dxc3 14. bxc3 c4+ 15. d4 Qa6 16.
Qc2 Ba3 17. Rxb5 Qxb5 18. Rb1 Qa5 19. Nxc4 Qa6 20. Qb3 Bb4 21. Qxb4 Nd5 22. Qc5 Rd8 23. Kf2 b6 24. Qc6+ Kf8 25.
Bxd5 exd5 26. Nd6 Qa3 27. Rb4 g6 28. Qc7 Kg7 29. Qxf7+ Kh6 30. Qxd5 Rhf8 31. Nf7+ Rxf7 32. Qxf7 1-0

[Event "Skanderborg Skakklub SmukSkak EMT"]
[Site "Niels Ebbesenskolen, Skanderborg, Denmark"]
[Date "2020.08.23"]
[Round "5.4"]
[White "Hansen, Lars"]
[Black "Fogh, Jens Olaf Svanholm"]
[Result "1/2-1/2"]
[TimeControl "90 min. til 40 træk, derefter 30 min. plus opsparet tid til resten af partiet med 30 sek. tillæg pr. træk fra træk ét."]
[WhiteFideId "1402528"]
[BlackFideId "1409476"]
[WhiteElo "2223"]
[BlackElo "2117"]

1. d4 d5 2. c4 e6 3. Nc3 Nf6 4. cxd5 exd5 5. Bg5 c6 6. Qc2 Be7 7. e3 h6 8. Bh4 O-O 9. Bd3 c5 10.
Nf3 Nc6 11. dxc5 d4 12. Nxd4 Nxd4 13. exd4 Qxd4 14. Bg3 Qxc5 15. O-O Be6 16. Rfe1 Rac8 17. Re5 Qb6 18. Rae1 Rfd8 19. Qe2 Bg4 20.
Qc2 Bd6 21. Rb5 Qd4 22. Bxd6 Rxd6 23. Bf5 Rc7 24. Bxg4 Qxg4 25. Qb3 Qd7 26. Rbe5 Rd2 27. Qb4 1/2-1/2

[Event "Skanderborg Skakklub SmukSkak EMT"]
[Site "Niels Ebbesenskolen, Skanderborg, Denmark"]
[Date "2020.08.23"]
[Round "5.5"]
[White "Pedersen, Nicolai Vesterbæk"]
[Black "Andersen, Rune"]
[Result "1-0"]
[TimeControl "90 min. til 40 træk, derefter 30 min. plus opsparet tid til resten af partiet med 30 sek. tillæg pr. træk fra træk ét."]
[WhiteTitle "IM"]
[WhiteFideId "1402340"]
[BlackFideId "1405683"]
[WhiteElo "2384"]
[BlackElo "2129"]

1. c4 e5 2. Nf3 d6 3. Nc3 f5 4. d3 Nf6 5. g3 Be7 6. Bg2 O-O 7. O-O Nbd7 8. Rb1 c6 9. b4 Qe8 10.
b5 c5 11. a4 Bd8 12. Nd2 Rb8 13. Nb3 Kh8 14. e3 h5 15. f4 h4 16. gxh4 Nh5 17. Bf3 Ndf6 18. Rb2 b6 19. Rg2 e4 20.
dxe4 fxe4 21. Nxe4 Nxe4 22. Bxh5 Qe7 23. Bg6 Nf6 24. Bb2 Kg8 25. e4 Bh3 26. e5 dxe5 27. fxe5 Bxg2 28. exf6 Qe3+ 29.
Kxg2 gxf6 30. Rf3 Qe7 31. Rg3 Bc7 32. Bf7+ Kxf7 33. Qh5+ 1-0

[Event "Skanderborg Skakklub SmukSkak EMT"]
[Site "Niels Ebbesenskolen, Skanderborg, Denmark"]
[Date "2020.08.23"]
[Round "5.6"]
[White "Thøgersen, Rasmus"]
[Black "Brondt, Nicolai Kvist"]
[Result "1-0"]
[TimeControl "90 min. til 40 træk, derefter 30 min. plus opsparet tid til resten af partiet med 30 sek. tillæg pr. træk fra træk ét."]
[BlackTitle "FM"]
[WhiteFideId "1431412"]
[BlackFideId "1413848"]
[WhiteElo "2267"]
[BlackElo "2244"]

1. e4 c5 2. Nf3 e6 3. d4 cxd4 4.
Nxd4 Nc6 5. Nc3 Qc7 6. g3 a6 7. Bg2 h5 8. h3 h4 9. g4 b5 10. O-O Bb7 11. Re1 Nxd4 12. Qxd4 Ne7 13.
a4 b4 14. Qxb4 Nf5 15. Nd5 exd5 16. exf5+ Kd8 17. Qd4 Qc5 18. Bg5+ Kc7 19. Bf4+ Kb6 20. Qd2 d4 21. a5+ Ka7 22.
Be5 1-0